Map: 세룰리안 폴 - 래더

Players

soO

  • Race: Zerg Zerg
  • League: Master
  • Spawn Location: 1:00

soul - Winner!

  • Race: Terran Terran
  • Spawn Location: 7:00

Event: HomeStory Cup XVIII

VOD

Have the link to the VOD?

Description

Time

  • Played on: Nov. 23, 2018, 6:40 a.m.
  • Length: 22:00

All games in this series

Show
View Real Time Build Order
Export as new Build Order

soO Zerg 

Build Orders: Hatch First 

Get SALT Encoding   

  12  0:00  Drone  
  13  0:13  Overlord  
  13  0:17  Drone  
  14  0:31  Drone x2  
  14  0:34  Drone  
  17  0:51  Hatchery  
  17  0:54  Drone  
  17  0:58  Drone  
  18  1:09  Extractor  
  17  1:13  Spawning Pool  
  17  1:16  Drone  
  17  1:19  Drone  
  18  1:29  Drone  
  19  1:39  Overlord  
  19  2:00  Zergling x4  
  21  2:01  Queen  
  21  2:03  Queen  
  21  2:04  Drone  
  26  2:08  Metabolic Boost  
  26  2:27  Hatchery  
  25  2:30  Drone x2  
  25  2:33  Drone  
  25  2:36  Drone  
  29  2:44  Queen  
  29  2:47  Drone  
  32  2:52  Overlord  
  32  2:57  Drone  
  34  2:58  Drone  
  34  3:08  Drone x2  
  34  3:12  Drone x3  
  39  3:15  Drone x2  
  39  3:19  Drone x2  
  43  3:25  Extractor, Queen  
  45  3:39  Queen  
  45  3:40  Zergling x4  
  45  3:41  Zergling x2  
  50  3:44  Overlord  
  50  3:49  Overlord  
  50  3:52  Overlord  
  50  3:55  Drone  
  49  3:58  Overlord  
  49  4:02  Overlord  
  49  4:03  Queen  
  49  4:06  Zergling x4  
  49  4:07  Drone x2  
  49  4:09  Drone  
  56  4:14  Drone x2  
  56  4:15  Drone  
  59  4:22  Zergling x4, Spore Crawler  
  59  4:23  Drone  
  61  4:26  Drone  
  62  4:33  Drone  
  62  4:35  Baneling Nest  
  62  4:36  Drone x2  
  62  4:37  Drone  
  62  4:38  Overlord  
  65  4:39  Drone x2  
  65  4:42  Drone x2  
  69  4:49  Lair  
  69  4:50  Drone  
  69  4:51  Drone x2  
  72  4:59  Drone x3  
  75  5:07  Spore Crawler  
  74  5:10  Zergling x6  
  74  5:12  Overlord  
  77  5:14  Drone x3  
  77  5:16  Extractor, Drone  
  77  5:17  Extractor  
  77  5:18  Drone x4  
  77  5:19  Spore Crawler  
  82  5:25  Drone x2  
  84  5:29  Drone x3  
  84  5:30  Drone  
  84  5:31  Extractor x2  
  84  5:34  Evolution Chamber  
  85  5:36  Evolution Chamber  
  85  5:37  Drone x2  
  85  5:41  Hatchery  
  85  5:49  Drone  
  86  5:50  Overseer  
  86  5:53  Overseer  
  86  5:57  Drone  
  86  6:00  Centrifical Hooks, Zerg Ground Armor Level 1  
  87  6:04  Zergling x8  
  87  6:08  Hatchery  
  87  6:09  Zerg Melee Weapons Level 1  
  90  6:12  Zergling x12  
  90  6:13  Zergling x4  
  90  6:14  Overlord  
  90  6:17  Zergling x2  
  90  6:18  Zergling x2  
  100  6:28  Hydralisk Den  
  100  6:29  Drone  
  97  6:35  Drone x3  
  97  6:36  Drone x3  
  95  6:41  Drone  
  95  6:43  Drone x3  
  95  6:44  Drone x2  
  95  6:51  Drone x2  
  97  7:00  Muscular Augments  
  97  7:01  Hydralisk x6  
  97  7:02  Hydralisk  
  111  7:10  Hydralisk x3  
  117  7:20  Zergling x4, Baneling x5  
  117  7:21  Zergling x4  
  121  7:23  Baneling x3  
  121  7:24  Drone  
  121  7:29  Zergling x8  
  126  7:36  Overlord x3  
  126  7:38  Overlord  
  126  7:41  Overlord  
  124  7:44  Overlord  
  124  7:47  Drone  
  124  7:53  Overlord, Drone  
  124  7:56  Drone x10  
  124  7:57  Zerg Ground Armor Level 2  
  135  8:04  Hydralisk x2  
  135  8:05  Zergling x4  
  140  8:10  Zergling x6  
  144  8:13  Zerg Melee Weapons Level 2  
  144  8:15  Baneling x4  
  144  8:16  Overseer, Baneling x2  
  144  8:17  Zergling x10  
  149  8:26  Zergling x6  
  149  8:27  Zergling x10  
  156  8:29  Overlord  
  156  8:30  Extractor  
  153  8:40  Zergling x16  
  145  8:48  Drone  
  145  8:49  Drone x2  
  145  8:53  Drone x2  
  148  8:59  Baneling x6  
  148  9:00  Baneling  
  148  9:02  Pneumatized Carapace  
  148  9:04  Drone x3  
  148  9:05  Hydralisk x2  
  148  9:06  Extractor, Hydralisk x3  
  160  9:12  Overlord  
  160  9:14  Hydralisk x2, Zergling x2  
  160  9:15  Zergling x6  
  166  9:38  Zergling x2  
  166  9:39  Zergling x26  
  166  9:43  Hatchery  
  166  9:44  Grooved Spines  
  170  9:46  Burrow  
  170  9:47  Infestation Pit, Hydralisk x2  
  170  9:48  Zergling x10  
  170  9:49  Zergling x4  
  179  10:02  Overlord x2, Hydralisk x4  
  179  10:03  Zergling x6  
  190  10:10  Spore Crawler  
  189  10:18  Zergling x10  
  189  10:23  Baneling x15  
  189  10:24  Baneling x2  
  189  10:27  Hive  
  189  10:32  Zerg Missile Weapons Level 1  
  189  10:42  Spine Crawler  
  187  10:44  Zergling x2  
  187  10:45  Zergling x22  
  199  10:55  Baneling  
  199  10:56  Baneling x15  
  188  11:17  Zergling x4  
  188  11:18  Zergling x12  
  196  11:22  Drone x4  
  196  11:24  Extractor  
  198  11:32  Hatchery  
  198  11:35  Drone x2  
  198  11:36  Drone  
  198  11:37  Overseer  
  200  11:40  Spire  
  199  11:54  Hatchery  
  198  12:02  Zergling x4  
  200  12:11  Adrenal Glands, Zerg Melee Weapons Level 3  
  200  12:13  Ultralisk Cavern  
  195  12:26  Zerg Ground Armor Level 3  
  195  12:28  Zergling x6  
  195  12:29  Zergling x10  
  198  12:47  Drone x2  
  198  12:48  Extractor  
  198  12:50  Extractor  
  198  12:56  Overseer x2  
  198  12:57  Greater Spire  
  198  13:02  Spire  
  197  13:06  Drone  
  197  13:07  Drone x2  
  200  13:19  Spine Crawler  
  199  13:23  Spine Crawler, Spore Crawler  
  199  13:25  Drone  
  199  13:26  Drone x2  
  200  13:31  Spine Crawler  
  198  13:50  Drone x2  
  200  14:13  Zerg Flyer Weapons Level 1  
  197  14:21  Spore Crawler  
  195  14:29  Drone x2, Chitinous Plating  
  195  14:31  Zerg Flyer Armor Level 1  
  196  14:39  Drone x3  
  197  14:48  Drone x2  
  197  14:50  Spine Crawler  
  197  14:51  Spore Crawler  
  197  14:52  Spine Crawler  
  140  15:30  Corruptor x15  
  140  15:31  Corruptor  
  172  15:48  Overseer  
  172  15:50  Spore Crawler  
  169  15:58  Extractor  
  153  16:14  Brood Lord x2  
  153  16:15  Brood Lord x9  
  153  16:17  Brood Lord x2  
  176  16:30  Corruptor x10  
  199  16:35  Overseer x2  
  199  16:36  Zerg Flyer Armor Level 2, Zerg Flyer Weapons Level 2  
  199  16:37  Overseer x3  
  174  17:07  Hydralisk x3  
  174  17:08  Hydralisk x2  
  171  17:19  Corruptor x5  
  158  17:38  Drone x6  
  158  17:39  Drone x2  
  166  17:47  Drone  
  158  17:59  Hatchery  
  127  18:17  Drone x2  
  127  18:19  Brood Lord  
  141  18:20  Brood Lord x9  
  147  18:28  Drone x3  
  147  18:32  Hydralisk x4  
  147  18:33  Zergling x16  
  165  18:35  Corruptor x5  
  165  18:36  Corruptor x4  
  182  18:44  Extractor  
  181  18:52  Overlord  
  176  18:57  Drone  
  176  18:58  Drone x3  
  176  19:14  Zerg Flyer Weapons Level 3, Hatchery, Zerg Flyer Armor Level 3  
  172  19:31  Hydralisk x3  
  172  19:32  Hydralisk  
  172  19:34  Zerg Missile Weapons Level 2  
  172  19:35  Overlord x2  
  172  19:38  Extractor  
  178  19:40  Hatchery  
  178  19:43  Extractor  
  176  19:51  Baneling x7  
  176  20:08  Corruptor  
  176  20:09  Corruptor x5  
  188  20:16  Baneling x4  
  188  20:23  Baneling x11  
  188  20:24  Hatchery  
  188  20:25  Corruptor  
  188  20:26  Zergling x10  
  188  20:27  Zergling x4  
  125  21:25  Drone x3  
Show
View Real Time Build Order
Export as new Build Order

soul Terran - Winner!

Build Orders: Hellion Opening, Reaper Expand 

Get SALT Encoding   

  12  0:00  SCV  
  13  0:12  SCV  
  14  0:17  Supply Depot  
  14  0:24  SCV  
  15  0:39  SCV  
  15  0:40  Barracks  
  16  0:46  Refinery  
  16  0:51  SCV  
  17  1:03  SCV  
  18  1:15  SCV  
  19  1:28  Reaper, Orbital Command  
  20  1:42  Command Center  
  20  1:51  Supply Depot  
  20  1:54  SCV  
  21  2:00  Marine  
  22  2:06  SCV  
  23  2:09  Factory  
  23  2:18  SCV  
  25  2:25  Barracks Reactor  
  24  2:30  SCV  
  24  2:34  Barracks  
  25  2:42  SCV  
  26  2:54  Orbital Command, SCV  
  27  3:00  Refinery  
  27  3:06  Hellion, SCV  
  27  3:07  Hellion  
  27  3:11  Barracks Tech Lab  
  32  3:13  Supply Depot  
  32  3:18  SCV  
  33  3:20  SCV  
  34  3:27  Barracks Reactor  
  34  3:29  Hellion x2  
  34  3:30  Stimpack, Marine, SCV  
  34  3:32  SCV  
  41  3:37  Supply Depot  
  41  3:42  SCV  
  41  3:44  SCV  
  41  3:48  Marine  
  42  3:55  SCV  
  42  3:56  SCV  
  42  3:57  Hellion  
  42  3:59  Hellion  
  47  4:05  Marine x2  
  47  4:06  Marine  
  47  4:07  SCV  
  51  4:10  Starport  
  51  4:13  SCV  
  52  4:19  SCV  
  52  4:23  Marine x2  
  55  4:25  SCV  
  55  4:26  Supply Depot  
  55  4:31  Marine, SCV  
  57  4:37  SCV  
  59  4:41  Marine x2  
  59  4:43  SCV  
  62  4:47  Command Center  
  62  4:49  SCV  
  62  4:50  Factory Tech Lab  
  62  4:51  Marine  
  64  4:55  SCV  
  64  4:57  Supply Depot  
  64  4:59  Marine  
  66  5:00  Medivac  
  66  5:01  SCV  
  69  5:07  SCV  
  69  5:08  Marine  
  69  5:11  Supply Depot  
  70  5:18  Marine  
  70  5:19  Medivac, SCV x2  
  75  5:22  Engineering Bay  
  75  5:24  Marine  
  75  5:27  Engineering Bay  
  76  5:31  SCV x2  
  76  5:32  Refinery x2, Combat Shield  
  78  5:37  Supply Depot  
  78  5:39  Marine  
  78  5:42  Marine  
  79  5:43  SCV x2  
  79  5:45  Siege Tank  
  85  5:53  Terran Infantry Weapons Level 1, Terran Infantry Armor Level 1  
  85  5:55  SCV  
  85  5:57  SCV  
  85  5:59  Marine, Barracks  
  86  6:05  Marine x2  
  86  6:07  Orbital Command  
  86  6:08  SCV  
  86  6:09  SCV  
  90  6:17  Supply Depot, Marine  
  91  6:20  Siege Tank  
  91  6:23  Marine x2  
  91  6:25  SCV x2  
  98  6:31  Medivac  
  100  6:37  Marine  
  100  6:39  Orbital Command  
  95  6:43  SCV  
  95  6:44  SCV  
  95  6:46  Medivac  
  95  6:51  Marine x2  
  95  6:52  Siege Tank  
  100  6:56  SCV x2  
  100  6:59  Marine  
  100  7:00  Supply Depot  
  103  7:01  Supply Depot, Medivac  
  103  7:04  SCV  
  103  7:08  SCV x2  
  108  7:16  Supply Depot, SCV  
  108  7:18  Barracks  
  108  7:20  SCV x2  
  108  7:21  Supply Depot  
  111  7:24  Widow Mine  
  111  7:26  Barracks  
  111  7:28  SCV  
  114  7:31  Barracks Reactor  
  114  7:32  SCV x2  
  114  7:36  Marine x2, Medivac  
  120  7:40  SCV  
  118  7:44  SCV x2  
  118  7:45  Siege Tank  
  123  7:52  Armory, SCV  
  123  7:53  Refinery  
  123  7:54  Refinery  
  123  7:55  Factory  
  123  7:56  SCV x2  
  126  8:00  Marine x3  
  126  8:05  SCV  
  130  8:10  Supply Depot, Command Center  
  130  8:11  Marine  
  130  8:12  Supply Depot  
  131  8:13  Marine  
  131  8:17  Siege Tank  
  131  8:18  Marine x2  
  131  8:19  Marine  
  138  8:20  SCV  
  138  8:23  Barracks Reactor x2  
  139  8:28  Marine  
  139  8:31  Marine  
  138  8:35  Marine  
  138  8:36  Marine x2  
  138  8:39  Terran Infantry Armor Level 2, Terran Infantry Weapons Level 2  
  138  8:40  Factory Tech Lab  
  141  8:41  Supply Depot  
  141  8:44  Supply Depot  
  141  8:45  Medivac  
  141  8:46  Marine  
  129  8:49  Marine  
  129  8:50  Siege Tank  
  129  8:53  Marine  
  129  8:54  Marine x2  
  130  9:02  Siege Tank  
  133  9:03  Barracks x2  
  133  9:04  Marine, Barracks  
  133  9:06  Marine, SCV  
  133  9:09  Sensor Tower  
  136  9:10  Terran Vehicle And Ship Armor Level 1, Marine x2  
  136  9:14  Marine  
  139  9:21  Marine  
  139  9:22  Siege Tank  
  142  9:29  Medivac x2  
  143  9:34  Siege Tank, SCV  
  143  9:35  SCV  
  143  9:36  Unknown x6  
  148  9:41  Marine x6  
  150  9:50  Supply Depot x2  
  150  9:54  Siege Tank, Barracks Tech Lab x3  
  150  9:55  Marine  
  150  9:56  Marauder  
  150  9:59  Medivac  
  158  10:06  Siege Tank  
  161  10:18  Command Center, Sensor Tower  
  161  10:21  SCV  
  160  10:24  Medivac  
  160  10:26  Siege Tank  
  165  10:30  Planetary Fortress  
  165  10:31  Marine  
  166  10:37  Marine, Marauder x4  
  174  10:48  Medivac  
  170  10:59  Marauder x4  
  170  11:00  Ghost Academy  
  170  11:01  Marine  
  170  11:03  Marine x4  
  183  11:08  Marine  
  183  11:12  Medivac  
  183  11:17  Marine x2  
  184  11:19  Marine  
  184  11:20  Marauder x4, Marine  
  184  11:21  Marine x3  
  199  11:26  Marine  
  199  11:31  Refinery x2  
  199  11:32  Command Center  
  199  11:42  Sensor Tower  
  197  11:47  Ghost  
  197  11:48  Ghost x3  
  197  11:49  Planetary Fortress  
  199  11:58  Unknown x4  
  199  12:10  Command Center  
  199  12:12  Starport  
  199  12:14  Fusion Core  
  199  12:17  Command Center  
  198  12:28  Command Center  
  198  12:34  Starport  
  198  12:37  Terran Ship Weapons Level 1  
  198  12:40  Ghost x3  
  197  12:50  Ghost  
  199  12:51  Starport Reactor  
  199  12:53  Personal Cloaking, Starport Tech Lab  
  199  12:57  Refinery  
  199  12:58  Command Center  
  199  13:01  Missile Turret  
  199  13:05  Missile Turret  
  199  13:08  Missile Turret  
  199  13:18  Terran Infantry Weapons Level 3, Terran Infantry Armor Level 3  
  199  13:25  Planetary Fortress  
  199  13:26  Missile Turret  
  199  13:28  Starport Reactor  
  199  13:32  Liberator  
  199  13:33  Concussive Shells  
  199  13:46  Missile Turret  
  199  13:48  Missile Turret, Advanced Ballistics  
  197  13:52  Liberator x2  
  197  13:53  Orbital Command x2  
  200  13:59  Liberator  
  200  14:00  Command Center, Unknown x5  
  200  14:02  Command Center  
  200  14:04  Command Center  
  200  14:08  Unknown  
  193  14:16  Missile Turret, Unknown  
  200  14:20  Nuke  
  200  14:23  Ghost Academy x2  
  198  14:47  Command Center  
  198  14:48  Liberator  
  198  14:53  Terran Ship Weapons Level 2, Liberator x2  
  193  15:01  Liberator  
  193  15:06  Liberator  
  185  15:15  Unknown x2  
  185  15:16  Unknown x2  
  172  15:31  Liberator  
  172  15:32  SCV x2  
  172  15:33  Ghost x4  
  182  15:35  Liberator  
  182  15:38  Liberator  
  185  15:51  Unknown x3  
  185  15:52  Unknown  
  191  15:59  Planetary Fortress  
  191  16:01  Ghost x4  
  191  16:04  Liberator, Refinery  
  199  16:06  SCV  
  199  16:09  Nuke  
  196  16:17  Planetary Fortress  
  182  17:02  Ghost x4  
  178  17:09  Viking  
  178  17:10  Viking x4  
  175  17:18  Marine x8  
  175  17:22  Liberator  
  175  17:23  Liberator  
  167  17:30  Ghost  
  167  17:31  Ghost, Marine x2  
  167  17:36  Marine x4  
  174  17:38  Liberator  
  180  17:56  Marine  
  174  17:59  Marine x11  
  179  18:12  SCV x4  
  185  18:13  Marine  
  185  18:15  Planetary Fortress  
  185  18:16  SCV  
  186  18:28  SCV  
  186  18:29  SCV x5  
  195  18:41  SCV  
  198  18:42  Medivac x2  
  198  18:46  Ghost  
  192  18:50  Ghost x2, Liberator  
  192  18:51  Marine, Marauder  
  192  18:53  SCV  
  200  18:57  Nuke x3  
  200  19:00  Missile Turret x3  
  200  19:01  Neosteel Armor  
  200  19:02  Missile Turret  
  192  19:21  Liberator x2  
  189  19:24  Siege Tank x2  
  189  19:28  Liberator  
  189  19:29  Command Center  
  191  19:31  Liberator  
  187  19:39  Unknown x2  
  187  19:45  Liberator  
  197  19:56  Siege Tank  
  200  20:01  Unknown x2  
  200  20:07  Command Center, Unknown  
  200  20:23  Planetary Fortress  
  200  20:37  Missile Turret x2  
  200  20:38  Missile Turret  
  200  20:39  Liberator x5  
  199  20:49  Marine x2  
  187  20:50  Marauder, Marine  
  187  20:51  Marauder  
  189  20:57  Marine x6, Marauder  
  181  21:07  Marine x2  
  181  21:08  Marine  
  181  21:11  Marine  
  185  21:12  Marine  
  185  21:15  Marine x5, Marauder  
  187  21:19  Marauder  
  187  21:25  Marine x2  
  183  21:26  Marine  
  183  21:29  Marauder  
  183  21:30  Marauder  
  188  21:39  SCV x7  
Tags
 
Add a new tag
Caveats
  • Supply blocks, unpowered buildings, or Contaminate may cause inaccurate times.
  • Supply counts are checked every 10 seconds.